 Dungeon Crawl Stone Soup version 0.30-a0-777-ga9a30cb (webtiles) character file.

Game seed: 6278848453230883188

27295 malesh the Earth Mage (level 13, -2/74 HPs)
             Began as a Gargoyle Earth Elementalist on Feb 12, 2023.
             Was a High Priest of Sif Muna.
             Killed from afar by a molten gargoyle (17 damage)
             ... with a bolt of magma
             ... in a volcano on Feb 13, 2023.
             The game lasted 01:02:11 (11609 turns).

malesh the Earth Mage (GrEE)                       Turns: 11609, Time: 01:02:12

Health: -2/74      AC: 22    Str: 12    XL:     13   Next: 31%
Magic:  29/30      EV: 12    Int: 21    God:    Sif Muna [*****.]
Gold:   802        SH:  0    Dex: 10    Spells: 18/39 levels left

rFire   . . .      SeeInvis +    b - staff of earth
rCold   + . .      Faith    .    (no shield)
rNeg    + . .      Spirit   .    q - +0 troll leather armour {Pargi}
rPois   ∞          Reflect  .    d - +2 helmet
rElec   +          Harm     .    r - +2 cloak
rCorr   .          Rampage  .    (no gloves)
Will    .....                    l - +1 pair of boots
Stlth   ++                       v - amulet of magic regeneration
HPRegen 1.12/turn                w - ring of protection from cold
MPRegen 0.62/turn                p - ring of see invisible

@: confusing by touch
A: sickness immunity, AC +9, negative energy resistance 1, electricity
resistance, torment resistance 1, petrification resistance
a: Renounce Religion, Channel Magic, Forget Spell, Divine Exegesis


You were in a volcano.
You worshipped Sif Muna.
Sif Muna was extremely pleased with you.
You visited 3 branches of the dungeon, and saw 15 of its levels.
You also visited: Ossuary, Bailey, Ice Cave and Volcano.

You collected 802 gold pieces.

Inventory:

Hand Weapons
 a - a +3 whip of flaming
 j - a +3 glaive of freezing
Missiles
 z - 8 throwing nets
Armour
 d - a +2 helmet (worn)
 l - a +1 pair of boots (worn)
 n - a +2 robe of cold resistance
 o - +0 ice dragon scales
 q - a +0 troll leather armour (worn) {Pargi}
 r - a +2 cloak (worn)
Magical Staves
 b - a staff of earth (weapon)
Jewellery
 e - a ring of ice
 h - an amulet of reflection
 p - a ring of see invisible (right hand)
 v - an amulet of magic regeneration (around neck)
 w - a ring of protection from cold (left hand)
 P - the ring "Mahu Osa" {Ice *Corrode rN+++ Str+3 Stlth+}
   (You found it on level 1 of the Lair of Beasts)

   [ring of ice]

   It enhances your ice magic.
   Str:       It affects your strength (+3).
   rF:        It makes you vulnerable to fire.
   rC:        It protects you from cold.
   rN:        It renders you almost immune to negative energy.
   *Corrode:  It may corrode you when you take damage.
   Stlth:     It makes you more stealthy.
Wands
 f - a wand of roots (20)
 s - a wand of quicksilver (7)
 x - a wand of paralysis (5)
 y - a wand of digging (3)
 G - a wand of flame (6)
Scrolls
 k - 4 scrolls of blinking
 B - 2 scrolls of brand weapon
 C - 2 scrolls of fog
 F - a scroll of butterflies
 H - a scroll of identify
 K - 2 scrolls of immolation
 M - 3 scrolls of teleportation
Potions
 c - 9 potions of curing
 g - 3 potions of heal wounds
 i - 3 potions of might
 m - 2 potions of attraction {unknown}
 t - 4 potions of magic
 u - 2 potions of brilliance {unknown}
 A - 2 potions of ambrosia {unknown}
 D - 2 potions of haste {unknown}
 E - 2 potions of berserk rage {unknown}
 L - 2 potions of cancellation


   Skills:
 + Level 5.8 Fighting
 + Level 4.0 Maces & Flails
 + Level 4.2 Armour
 + Level 5.1 Dodging
 - Level 2.1 Stealth
 - Level 0.5 Shields
 + Level 13.5 Spellcasting
 + Level 5.6 Conjurations
 + Level 1.6 Transmutations
 + Level 0.4 Air Magic
 + Level 15.0 Earth Magic
 + Level 0.1 Poison Magic


You had 18 spell levels left.
You knew the following spells:

 Your Spells              Type           Power      Damage    Failure   Level
a - Sandblast             Erth           100%       2d20      0%          1
b - Passwall              Tmut/Erth      54%        N/A       1%          2
c - Stone Arrow           Conj/Erth      100%       3d13      1%          3
d - Petrify               Tmut/Erth      65%        N/A       1%          4
e - Mephitic Cloud        Conj/Pois/Air  22%        N/A       8%          3
f - Confusing Touch       Hex            14%        N/A       17%         3
g - Magic Dart            Conj           100%       1d8       1%          1
h - Fulminant Prism       Conj/Hex       13%        3d9       19%         4

Your spell library contained the following spells:

 Spells                   Type           Power      Damage    Failure   Level
 Kiss of Death            Conj/Necr      100%       2d13      1%          1
 Searing Ray              Conj           74%        2d7       1%          2
 Animate Armour           Summ/Erth      100%       N/A       2%          4
 Apportation              Tloc           28%        N/A       6%          1
 Necrotise                Necr           56%        1d6       6%          1
 Summon Small Mammal      Summ           56%        N/A       6%          1
 Poisonous Vapours        Pois/Air       30%        N/A       8%          2
 Ensorcelled Hibernation  Hex/Ice        28%        N/A       9%          2
 Spider Form              Tmut/Pois      18%        N/A       12%         3
 Anguish                  Hex/Necr       7%         N/A       50%         4
 Dispel Undead            Necr           14%        3d10      50%         4
 Summon Forest            Summ/Tloc      7%         N/A       85%         5
 Summon Mana Viper        Hex/Summ       14%        N/A       85%         5
 Lehudib's Crystal Spear  Conj/Erth      36%        10d9      99%         8
 Summon Cactus Giant      Summ           7%         N/A       100%        6
 Cigotuvi's Dreadful Rot  Necr/Pois/Air  Unusable   N/A       N/A         2

Dungeon Overview and Level Annotations

Branches:
Dungeon (10/15)            Temple (1/1) D:7            Lair (4/5) D:8
  Swamp (0/4) Lair:3        Snake (0/4) Lair:3        Slime (0/5) Lair:4
    Orc (0/2) D:9         Ossuary (visited)          Bailey (visited)
  IceCv (visited)         Volcano (1/1)

Altars:
Ashenzari
Cheibriados
Dithmenos
Elyvilon
Fedhas
Gozag
Hepliaklqana
Kikubaaqudgha
Makhleb
Nemelex Xobeh
Okawaru
Qazlal
Sif Muna
Trog
Uskayaw
Vehumet
Wu Jian
Xom
Yredelemnul
Zin
The Shining One
Jiyva

Shops:
D:10 (

Annotations:
D:6 2 transporters, curvature's ghost, novice GnWn
Lair:1 exclusion: oklob plant
Lair:2 1 transporter, Sunlueck's ghost, journeyman DsNe
Lair:3 exclusion: 4 oklob plants


Innate Abilities, Weirdness & Mutations

You are immune to sickness and miasma.
Your stone body is resilient. (AC +9)
You are immune to poison.
You resist negative energy. (rN+)
You are resistant to electric shocks. (rElec)
You are resistant to unholy torment.
You are immune to petrification.


Message History

Your fulminant prism explodes!
The blast of energy engulfs the orc knight!
The orc knight is moderately wounded.
The blast of energy engulfs the molten gargoyle!
The molten gargoyle is moderately damaged.
The orc knight hits you with a +2 dire flail of flaming.
The orc knight burns you.
You hit the molten gargoyle but do no damage.
The molten gargoyle is moderately damaged.
The molten gargoyle blasts magma at you!
The bolt of magma hits you but does no damage.
The orc knight closely misses you.
You hit the molten gargoyle but do no damage.
The molten gargoyle is moderately damaged.
The molten gargoyle hits you but does no damage.
The orc knight hits you but does no damage.
You hit the molten gargoyle but do no damage.
The molten gargoyle is moderately damaged.
The molten gargoyle hits you but does no damage.
The orc knight barely misses you.
You hit the molten gargoyle but do no damage.
The molten gargoyle is moderately damaged.
The molten gargoyle hits you but does no damage.
The orc knight hits you but does no damage.
A wizard comes into view.
It is wearing a +0 robe of fire resistance.
The molten gargoyle blasts magma at you!
The bolt of magma hits you!
You hit the molten gargoyle but do no damage.
The molten gargoyle is moderately damaged.
The orc knight hits you with a +2 dire flail of flaming!
* * * LOW HITPOINT WARNING * * *
The orc knight burns you!
* * * LOW HITPOINT WARNING * * *
The molten gargoyle blasts magma at you!
The bolt of magma misses you.
The orc knight attacks as you move away!
The orc knight barely misses you.
The molten gargoyle blasts magma at you!
The bolt of magma hits you!
You die...

~~~~ ~#. #~~~~ ~#.
#~~~~#.. #~~~#.. #.#...
#.... #'9############
#.o@..........#
#........((...#
#########'##'###..#
#8...8# #.##.# #..#
#.....# ###### #).#
####.....##########..###
......⌠..............~~#
....8..(8......).....~~#
##.....###############


You could see an orc knight and a molten gargoyle.

Vanquished Creatures
  A reaper (IceCv)
  Snorg (Lair:3)
  Fannar (Lair:3)
  Erica (D:9)
  A two-headed ogre (D:9)
  A catoblepas (Lair:3)
  Urug (Lair:3)
  A skyshark (Lair:3)
  Pikel (D:7)
  A salamander (Lair:3)
  2 manticores (D:8)
  4 cyclopes
  2 ice statues (IceCv)
  Maurice (D:7)
  A cane toad (Lair:3)
  2 torpor snails (Lair:4)
  2 black mambas
  2 gargoyles (Volcano)
  A freezing wraith (IceCv)
  3 komodo dragons
  4 ice devils (IceCv)
  5 anaconda simulacra (IceCv)
  Grinder (D:3)
  2 trolls
  2 polar bears (Lair:3)
  Sigmund (D:2)
  9 spriggans (Lair:1)
  2 wyverns (Lair:3)
  A vampire (D:9)
  A basilisk (Lair:3)
  11 yaks
  A dire elephant simulacrum (IceCv)
  5 vampire mosquitoes (Lair:3)
  Grum (Bailey)
  A death yak simulacrum (IceCv)
  A steam dragon (D:8)
  2 harpy simulacra (IceCv)
  A swamp worm (Lair:3)
  2 hydra simulacra (IceCv)
  6 water moccasins
  3 orc warriors
  Pargi (D:3)
  An ice beast (D:6)
  A black bear (D:8)
  10 wolves
  2 centaurs (D:8)
  9 bullfrogs
  3 kobold brigands
  Blork the orc (D:5)
  A cane toad simulacrum (IceCv)
  8 gnoll sergeants (Bailey)
  2 scorpions
  2 necrophages
  6 water moccasin zombies (Ossuary)
  9 wights
  A killer bee (D:8)
  9 electric eels
  3 lava snakes (Lair:3)
  3 jellies
  7 gnoll boudas
  An iron imp (D:8)
  2 orc priests
  5 hounds
  Crazy Yiuf (D:3)
  3 iguanas
  Terence (D:3)
  11 orc wizards
  A polar bear simulacrum (IceCv)
  A troll simulacrum (IceCv)
  A wolf simulacrum (IceCv)
  3 mummies
  24 gnolls
  10 adders
  2 shadow imps
  18 white imps
  5 adder zombies (Ossuary)
  3 worms
  3 dart slugs
  20 orcs
  7 ball pythons
  3 bats
  5 endoplasms
  4 giant cockroaches
  2 gnoll zombies (Ossuary)
  6 goblins
  9 hobgoblins
  5 jackals (D:2)
  5 quokkas
  3 frilled lizards
  A goblin zombie (D:8)
  5 hobgoblin zombies
  11 kobolds
  3 kobold skeletons (D:8)
  6 kobold zombies (Ossuary)
  An orc skeleton (D:8)
  6 orc zombies
  3 rats
371 creatures vanquished.

Vanquished Creatures (others)
  A bullfrog (Lair:3)
  2 fulminant prisms (Volcano)
  5 fungi
  23 plants
31 creatures vanquished.

Grand Total: 402 creatures vanquished

Notes
Turn   | Place    | Note
-------+----------+-------------------------------------------
     0 | D:1      | malesh the Gargoyle Earth Elementalist began the quest for
                  | the Orb.
     0 | D:1      | Reached XP level 1. HP: 10/10 MP: 3/3
   108 | D:1      | Reached skill level 4 in Earth Magic
   151 | D:1      | Reached XP level 2. HP: 15/15 MP: 1/5
   380 | D:1      | Learned a level 2 spell: Passwall
   495 | D:1      | Found a faded altar of an unknown god.
   902 | D:2      | Reached XP level 3. HP: 19/19 MP: 4/6
   927 | D:2      | Noticed Sigmund
   934 | D:2      | Learned a level 3 spell: Stone Arrow
  1433 | D:2      | Reached XP level 4. HP: 24/24 MP: 6/8
  1737 | D:2      | Reached skill level 5 in Earth Magic
  1861 | D:3      | Noticed Grinder
  2015 | D:3      | Found an ancient bone altar of Kikubaaqudgha.
  2090 | D:3      | Found a runed translucent door.
  2091 | D:3      | Noticed Crazy Yiuf
  2442 | D:3      | Killed Grinder
  2443 | D:3      | Reached skill level 6 in Earth Magic
  2443 | D:3      | Reached XP level 5. HP: 11/28 MP: 6/11
  2443 | D:3      | Reached XP level 6. HP: 13/32 MP: 6/12
  2523 | D:3      | Noticed Terence
  2528 | D:3      | Killed Terence
  2540 | D:3      | Noticed Pargi
  2680 | D:3      | Killed Pargi
  2939 | D:3      | Killed Crazy Yiuf
  2940 | D:3      | Reached XP level 7. HP: 32/36 MP: 3/14
  3079 | D:4      | Learned a level 4 spell: Petrify
  3130 | D:4      | Reached skill level 5 in Spellcasting
  3711 | D:5      | Entered Level 5 of the Dungeon
  3715 | D:5      | Reached skill level 7 in Earth Magic
  3945 | D:5      | Noticed Blork the orc
  3986 | D:5      | Killed Blork the orc
  3987 | D:5      | Reached skill level 1 in Armour
  4119 | D:5      | Found a hide-covered altar of Uskayaw.
  4119 | D:5      | Found a basalt altar of Yredelemnul.
  4249 | D:6      | Reached skill level 1 in Transmutations
  4249 | D:6      | Reached XP level 8. HP: 41/41 MP: 14/17
  4464 | D:6      | Reached skill level 8 in Earth Magic
  4529 | D:6      | Found a transporter.
  4532 | D:6      | Noticed curvature's ghost (novice GnWn)
  4584 | D:6      | Found a transporter.
  4999 | D:7      | Found a flagged portal.
  5047 | Bailey   | Entered a bailey
  5140 | Bailey   | Reached skill level 9 in Earth Magic
  5140 | Bailey   | Reached XP level 9. HP: 29/46 MP: 18/20
  5272 | Bailey   | Reached skill level 1 in Fighting
  5305 | Bailey   | Noticed Grum
  5315 | Bailey   | Killed Grum
  5334 | Bailey   | Identified the +6 shortbow "Widowermaker" {flame, rElec rF+
                  | Str+3}
  5379 | Bailey   | Reached skill level 10 in Earth Magic
  5629 | D:7      | Found a staircase to the Ecumenical Temple.
  5638 | Temple   | Entered the Ecumenical Temple
  5704 | Temple   | Became a worshipper of Sif Muna the Loreminder
  5767 | D:7      | Found a broken altar of Ashenzari.
  5963 | D:8      | Noticed Pikel
  5968 | D:7      | Killed Pikel
  5969 | D:7      | Reached skill level 11 in Earth Magic
  5969 | D:7      | Reached XP level 10. HP: 51/52 MP: 21/23
  5984 | D:8      | Found a sand-covered staircase.
  5991 | Ossuary  | Entered an ossuary
  6068 | Ossuary  | Reached * piety under Sif Muna
  6210 | D:8      | Found a glowing silver altar of Zin.
  6224 | D:8      | Found an ornate altar of the Wu Jian Council.
  6225 | D:8      | Found a staircase to the Lair.
  6309 | D:8      | Noticed Maurice
  6443 | D:2      | Killed Sigmund
  6444 | D:2      | Reached skill level 1 in Conjurations
  6544 | D:7      | Killed Maurice
  6545 | D:7      | Reached skill level 1 in Maces & Flails
  6661 | D:8      | Noticed a manticore
  6665 | D:8      | Killed a manticore
  6666 | D:8      | Reached skill level 10 in Spellcasting
  6750 | D:8      | Reached ** piety under Sif Muna
  6754 | D:8      | Noticed a manticore
  6765 | D:8      | Killed a manticore
  6843 | D:8      | Found a glowing golden altar of the Shining One.
  6845 | D:8      | Reached XP level 11. HP: 60/60 MP: 25/25
  7018 | D:9      | Identified the +9 dagger "Spiderbane" {drain, rN+ Dex+2}
  7117 | D:9      | Noticed a cyclops
  7121 | D:9      | Killed a cyclops
  7122 | D:9      | Reached skill level 12 in Earth Magic
  7151 | D:9      | Noticed Erica
  7173 | D:9      | Killed Erica
  7173 | D:9      | Reached *** piety under Sif Muna
  7363 | D:9      | Found a staircase to the Orcish Mines.
  7428 | D:9      | Noticed a two-headed ogre
  7435 | D:9      | Killed a two-headed ogre
  7791 | D:10     | Entered Level 10 of the Dungeon
  7836 | D:10     | Found Eheph's Weapon Boutique.
  7975 | Lair:1   | Entered Level 1 of the Lair of Beasts
  7998 | Lair:1   | Learned a level 3 spell: Mephitic Cloud
  8052 | Lair:1   | Identified the ring "Mahu Osa" {Ice *Corrode rN+++ Str+3
                  | Stlth+}
  8258 | Lair:1   | Noticed an oklob plant
  8681 | Lair:1   | Reached skill level 5 in Fighting
  8933 | Lair:2   | Found a frozen archway.
  8943 | Lair:2   | Reached **** piety under Sif Muna
  8974 | Lair:2   | Found a transporter.
  9050 | IceCv    | Entered an ice cave
  9096 | IceCv    | Reached XP level 12. HP: 68/68 MP: 11/27
  9306 | IceCv    | HP: 2/68 [three-headed hydra simulacrum (6)]
  9379 | IceCv    | Reached skill level 13 in Earth Magic
  9480 | IceCv    | Noticed a reaper
  9486 | IceCv    | Killed a reaper
  9487 | IceCv    | Reached skill level 5 in Conjurations
  9705 | Lair:2   | Noticed Sunlueck's ghost (journeyman DsNe)
  9708 | Lair:2   | Noticed a death yak
  9728 | Lair:2   | You fall into a shaft and drop 1 floor!
  9915 | Lair:3   | Noticed Urug
  9916 | Lair:3   | Noticed Fannar
  9932 | Lair:3   | Killed Urug
  9932 | Lair:3   | Reached ***** piety under Sif Muna
  9947 | Lair:3   | Killed Fannar
  9948 | Lair:3   | Reached skill level 14 in Earth Magic
 10026 | Lair:3   | Noticed a catoblepas
 10038 | Lair:3   | Killed a catoblepas
 10066 | Lair:3   | Found a staircase to the Swamp.
 10502 | Lair:3   | Found a staircase to the Snake Pit.
 10747 | Lair:3   | Noticed Snorg
 10758 | Lair:3   | Killed Snorg
 10759 | Lair:3   | Reached skill level 5 in Dodging
 10759 | Lair:3   | Reached XP level 13. HP: 59/73 MP: 18/30
 10930 | Lair:4   | Upgraded the game from 0.30-a0-772-g5528072 to
                  | 0.30-a0-777-ga9a30cb
 11047 | Lair:4   | Received a gift from Sif Muna
 11184 | Lair:4   | Found a viscous altar of Jiyva.
 11185 | Lair:4   | Found a staircase to the Slime Pits.
 11369 | Lair:4   | Found a dark tunnel.
 11384 | Volcano  | Entered a volcano
 11421 | Volcano  | Learned a level 3 spell: Confusing Touch
 11423 | Volcano  | Learned a level 1 spell: Magic Dart
 11428 | Volcano  | Learned a level 4 spell: Fulminant Prism
 11453 | Volcano  | Reached skill level 15 in Earth Magic
 11609 | Volcano  | Killed from afar by a molten gargoyle

Illustrated notes

Levels and vault maps discovered:
D:1:      beargit_arrival_diablo_church, layout_basic,
          hellmonk_ecumenical_altar_prayer_group, serial_forest,
          infiniplex_forest_lined_2, infiniplex_forest_straight_5,
          infiniplex_forest_split, infiniplex_forest_lined_2,
          infiniplex_forest_straight_1, infiniplex_forest_lined_room_2,
          infiniplex_forest_corner_1
D:2:      layout_basic, uniq_sigmund
D:3:      layout_rooms, kiku_gazebo_garden_becter, minmay_fractal_squares_5,
          uniq_pargi, uniq_terence, uniq_grinder, uniq_crazy_yiuf_cottage
D:4:      layout_loops_cross
D:5:      layout_cave_pools, nicolae_overflow_two_pavilions, uniq_blork_the_orc
D:6:      layout_basic, gammafunk_ghost_stat_death, minmay_holes
D:7:      layout_rooms, overflow_temple_1_default,
          minmay_temple_entry_overgrown, enter_bailey_8
D:8:      cheibrodos_fzero, layout_rooms, mainiacjoe_overflow_large_starburst,
          nicolae_tso_besieged_by_evil, lair_entry_dummy,
          gup_ossuary_entry_pyramid, uniq_grum, uniq_maurice, uniq_pikel
D:9:      layout_roguey, orc_0_dummy, serial_bayou, serial_bayou_crossing,
          serial_bayou_lake_a, serial_bayou_pond_c, serial_bayou_lagoon_b,
          uniq_erica
D:10:     layout_layer_cave, nicolae_ru_path_of_blood, serial_shops,
          nicolae_shop_hallway_stairs, minivault_20
Temple:   eino_temple_lava
Lair:1:   kb_forest_paths, layout_regular_city, minmay_lair_oklob_items,
          lemuel_fruit_fields
Lair:2:   layout_cave_pods, portal_ice_cave_entry_imps, gammafunk_ghost_arena,
          serial_bayou_shore_a
Lair:3:   dpeg_oklob_shooting_range, layout_gridlike, minmay_swamp_entry_swarm,
          nicolae_snake_entry_warm_welcome, worms_lemuel, uniq_fannar,
          uniq_urug, uniq_snorg
Lair:4:   layout_cellular_growth, slime_entry_1, hellmonk_ghost_happy_afterlife,
          enter_volcano_1, hibernation_bobbens
Volcano:  hellmonk_zot_springs

Skill      XL: |  1  2  3  4  5  6  7  8  9 10 11 12 13 |
---------------+----------------------------------------+-----
Earth Magic    | 4 6 7 9 11 12 14 15 | 15.0
Spellcasting   | 3 4 6 7 9 10 11 13 | 13.5
Armour         | 1 2 3 4 |  4.2
Transmutations | 1 |  1.6
Dodging        | 2 3 4 5 |  5.1
Fighting       | 1 3 5 |  5.8
Conjurations   | 3 4 5 |  5.6
Maces & Flails | 2 4 |  4.0
Stealth        | |  2.1
Shields        | |  0.5
Air Magic      | |  0.4
Poison Magic   | |  0.1

Action                     |  1- 3 |  4- 6 |  7- 9 | 10-12 | 13-15 || total
---------------------------+-------+-------+-------+-------+-------++-------
  Melee: Staff             |       |     2 |     2 |    16 |     6 ||    26
         Whip              |       |       |       |    14 |       ||    14
         Punch             |       |       |       |     1 |       ||     1
   Cast: Sandblast         |    40 |    43 |   211 |   403 |    92 ||   789
         Passwall          |     1 |       |       |       |       ||     1
         Stone Arrow       |       |    11 |       |    53 |     3 ||    67
         Petrify           |       |       |     2 |     3 |     1 ||     6
         Mephitic Cloud    |       |       |       |     4 |     4 ||     8
         Fulminant Prism   |       |       |       |       |     2 ||     2
         Confusing Touch   |       |       |       |       |     1 ||     1
    Use: Scroll            |     2 |     1 |     9 |    14 |     1 ||    27
         Potion            |       |     1 |     4 |     1 |       ||     6
   Stab: Petrified         |       |       |       |     3 |       ||     3
 Armour: Robe              |     3 |     6 |       |       |       ||     9
         Troll leather arm |       |       |    91 |   186 |    54 ||   331
  Dodge: Dodged            |     1 |    18 |   112 |   190 |    57 ||   378
  Block: Other             |       |     7 |       |       |       ||     7

Table legend: (Time is in decaauts)
 A = Elapsed time spent in this place.
 B = Non-inter-level travel time spent in this place.
 C = Inter-level travel time spent in this place.
 D = Time resting spent in this place.
 E = Time spent auto-exploring this place.
 F = Levels seen in this place.
 G = Mean time per level.
                   A        B        C        D        E       F      G
               +--------+--------+--------+--------+--------+-----+--------+
         Total |  12123 |  11189 |    934 |   1007 |   7177 |  19 |  638.1 |
       Dungeon |   7516 |   6839 |    677 |    300 |   5072 |  10 |  751.6 |
        Temple |     74 |     67 |      7 |      0 |     47 |   1 |   74.0 |
          Lair |   2921 |   2671 |    250 |    246 |   1606 |   4 |  730.2 |
       Ossuary |    170 |    170 |      0 |      0 |     80 |   1 |  170.0 |
        Bailey |    535 |    535 |      0 |    103 |    119 |   1 |  535.0 |
      Ice Cave |    666 |    666 |      0 |    233 |    250 |   1 |  666.0 |
       Volcano |    237 |    237 |      0 |    124 |      2 |   1 |  237.0 |
               +--------+--------+--------+--------+--------+-----+--------+

Top non-repeatable levels by time:
  Lair:3: 1329 daAuts
     D:3: 1162 daAuts
     D:2: 1135 daAuts
     D:9: 972 daAuts
     D:1: 938 daAuts
  Lair:1: 917 daAuts
     D:6: 712 daAuts
     D:4: 676 daAuts
   IceCv: 666 daAuts
     D:8: 654 daAuts
     D:7: 616 daAuts
     D:5: 551 daAuts
  Bailey: 535 daAuts
  Lair:4: 438 daAuts
 Volcano: 237 daAuts
